 Dungeon Crawl Stone Soup version 0.30-a0-4-ga7cffc9 (webtiles) character file.

Game seed: 14786604848323481049

184725 Dorkslayer the Warrior (level 18, -2/173 HPs)
             Began as a Hill Orc Fighter on Aug 21, 2022.
             Was an Initiate of Gozag.
             Slain by an iron troll (22 damage)
             ... on level 1 of the Depths.
             The game lasted 02:07:26 (35897 turns).

Dorkslayer the Warrior (Hill Orc Fighter)          Turns: 35897, Time: 02:07:27

Health: -2/173     AC: 31    Str: 31    XL:     18   Next: 2%
Magic:  18/18      EV: 10    Int:  8    God:    Gozag
Gold:   3728       SH: 12    Dex: 12    Spells: 17/17 levels left

rFire   + . .      SeeInvis +    L - +6 shillelagh "Devastator" {shatter}
rCold   + . .      Faith    .    c - +0 buckler
rNeg    . . .      Spirit   .    N - +1 plate armour {rF+}
rPois   .          Reflect  +    E - +2 helmet {SInv}
rElec   .          Harm     .    d - +2 cloak {rC+}
rCorr   .          Rampage  .    D - +0 pair of gloves
Will    +....                    O - +2 pair of boots {Fly}
Stlth   ..........               p - amulet of reflection
HPRegen 0.38/turn                a - +6 ring of strength
MPRegen 0.16/turn                u - +4 ring of slaying

@: gold aura, flying, studying 2 skills
A: no striking features
}: 1/15 runes: decaying
a: Renounce Religion, Potion Petition, Call Merchant, Bribe Branch


You were on level 1 of the Depths.
You worshipped Gozag.
Gozag was most pleased with you.
You visited 6 branches of the dungeon, and saw 28 of its levels.
You also visited: Ossuary, Gauntlet, Ice Cave and Volcano.

You collected 11196 gold pieces.
You spent 6127 gold pieces at shops.
You paid 1341 gold pieces to Gozag.

Inventory:

Hand Weapons
 L - the +6 shillelagh "Devastator" (weapon) {shatter}
   (You found it on level 12 of the Dungeon)

   It releases a powerful concussive burst when it strikes, dealing extra damage
   to the target and all other foes adjacent to them.
 X - a +2 war axe of flaming
 Z - a +0 broad axe of protection
Missiles
 q - 3 throwing nets
 A - 7 javelins
 F - 19 boomerangs (quivered)
 Y - 4 silver javelins
Armour
 c - a +0 buckler (worn)
 d - a +2 cloak of cold resistance (worn)
 D - a +0 pair of gloves (worn)
 E - a +2 helmet of see invisible (worn)
 N - a +1 plate armour of fire resistance (worn)
 O - a +2 pair of boots of flying (worn)
 V - the -2 hat of the Alchemist {rElec rPois rF+ rC+ rN+ Will+ rMut rCorr}
   (You bought it in a shop on level 2 of the Orcish Mines)

   rF:        It protects you from fire.
   rC:        It protects you from cold.
   rElec:     It insulates you from electricity.
   rPois:     It protects you from poison.
   rN:        It protects you from negative energy.
   rCorr:     It protects you from acid and corrosion.
   rMut:      It protects you from mutation.
   Will:      It increases your willpower.
Jewellery
 a - a +6 ring of strength (left hand)
 p - an amulet of reflection (around neck)
 u - a +4 ring of slaying (right hand)
 w - a ring of positive energy
 W - a ring of poison resistance
Wands
 e - a wand of digging (7)
 f - a wand of flame (33)
 k - a wand of paralysis (14)
 C - a wand of roots (6)
 J - a wand of quicksilver (10)
 M - a wand of polymorph (28)
 T - a wand of mindburst (4)
Scrolls
 i - 17 scrolls of teleportation
 j - 2 scrolls of fog
 m - 9 scrolls of identify
 n - 3 scrolls of enchant armour
 r - 8 scrolls of poison
 t - 2 scrolls of blinking
 x - 3 scrolls of fear
 y - 5 scrolls of summoning
 z - 6 scrolls of immolation
 I - 5 scrolls of magic mapping
 P - a scroll of silence
 Q - 7 scrolls of enchant weapon
 R - 2 scrolls of amnesia
Potions
 b - 12 potions of flight
 g - 5 potions of cancellation
 l - 8 potions of mutation
 o - 4 potions of might
 s - 3 potions of brilliance
 v - 5 potions of curing
 B - 6 potions of magic
 G - a potion of haste
 H - 6 potions of ambrosia
 K - 2 potions of resistance
 U - 3 potions of berserk rage
Miscellaneous
 S - a tin of tremorstones (2/2)


   Skills:
 * Level 18.5 Fighting
 + Level 16.1(18.8) Axes
 + Level 13.6(16.0) Maces & Flails
 + Level 2.1 Throwing
 + Level 16.3 Armour
 * Level 5.1 Dodging
 + Level 4.7 Stealth
 + Level 12.3 Shields
 * Level 16.5 Evocations


You had 17 spell levels left.
You didn't know any spells.
Your spell library contained the following spells:

 Spells                   Type           Power      Damage    Failure   Level
 Beastly Appendage        Tmut           0%         N/A       94%         1
 Magic Dart               Conj           0%         1d3       94%         1
 Sting                    Tmut/Pois      0%         1d3       94%         1
 Searing Ray              Conj           0%         2d4       98%         2
 Wereblood                Tmut           0%         N/A       98%         2
 Dazzling Flash           Conj/Hex       0%         N/A       100%        3
 Inner Flame              Hex/Fire       0%         N/A       100%        3
 Ozocubu's Armour         Ice            0%         N/A       100%        3
 Spider Form              Tmut/Pois      0%         N/A       100%        3
 Summon Guardian Golem    Hex/Summ       0%         N/A       100%        3
 Tukima's Dance           Hex            0%         N/A       100%        3
 Fulminant Prism          Conj/Hex       0%         3d6       100%        4
 Passage of Golubria      Tloc           0%         N/A       100%        4
 Petrify                  Tmut/Erth      0%         N/A       100%        4
 Agony                    Necr           0%         N/A       100%        5
 Borgnjor's Vile Clutch   Necr/Erth      0%         N/A       100%        5
 Fireball                 Conj/Fire      0%         3d3       100%        5
 Iskenderun's Battlesphe  Conj           0%         2d6       100%        5
 Metabolic Englaciation   Hex/Ice        0%         N/A       100%        5
 Silence                  Hex/Air        0%         N/A       100%        5
 Yara's Violent Unravell  Hex/Tmut       0%         3d3       100%        5
 Conjure Ball Lightning   Conj/Air       0%         3x3d6     100%        6
 Death Channel            Necr           0%         N/A       100%        6
 Statue Form              Tmut/Erth      0%         N/A       100%        6
 Enfeeble                 Hex            0%         N/A       100%        7
 Orb of Destruction       Conj           0%         9d5       100%        7
 Ozocubu's Refrigeration  Ice            0%         4d7       100%        7
 Spellforged Servitor     Conj/Summ      0%         N/A       100%        7
 Animate Dead             Necr           Unusable   N/A       N/A         4

Dungeon Overview and Level Annotations

Branches:
Dungeon (15/15)            Temple (0/1) D:7            Lair (5/5) D:10
  Swamp (4/4) Lair:2        Snake (0/4) Lair:3        Slime (0/5) Lair:4
    Orc (2/2) D:11            Elf (1/3) Orc:2        Vaults (0/5) D:14
 Depths (1/4) D:15        Ossuary (visited)           IceCv (visited)
Volcano (visited)         Gauntlet (visited)

Altars:
Elyvilon
Gozag
Kikubaaqudgha
Sif Muna
Vehumet
Wu Jian
Beogh

Shops:
D:5 *   D:9 ??**   D:15 (   Orc:2 [!=!(

Portals:
Hell: Depths:1


Message History

A spriggan rider comes into view. It is wielding a +0 spear.
You hear a shout!
The spriggan rider shouts!
You hear a horrible gurgling sound!
You hear a shout!
You hit the iron troll but do no damage.
The iron troll is lightly wounded.
The spriggan rider is distracted by your dazzling golden aura.
You barely miss the spriggan berserker. You block the iron troll's attack.
The iron troll barely misses you. You block the iron troll's attack.
The spriggan berserker utters an invocation to Trog.
The spriggan berserker goes berserk!
You miss the spriggan berserker.
The spriggan berserker hits you with a +0 war axe!
You bludgeon the spriggan berserker!!
The spriggan berserkers and the iron troll shudder.
The spriggan berserker is severely wounded.
The iron troll is lightly wounded.
The spriggan berserker is moderately wounded.
The spriggan berserker is severely wounded.
You hear a shout!
The spriggan berserker barely misses you.
The iron troll bites you but does no damage.
The iron troll claws you but does no damage.
You block the iron troll's attack.
The spriggan berserker hits you with a +0 war axe!
The iron troll bites you but does no damage.
You block the iron troll's attack. The iron troll claws you!
You closely miss the spriggan berserker.
The spriggan berserker is severely wounded.
The spriggan berserker hits you with a +0 war axe!!!
* * * LOW HITPOINT WARNING * * *
You block the spriggan berserker's attack.
You hear a horrible gurgling sound! x2
Unknown command.
The spriggan berserker attacks as you move away!
You block the spriggan berserker's attack.
The spriggan berserker attacks as you move away!
You block the spriggan berserker's attack.
The iron troll bites you!!
You die...
Your body crumbles into a pile of gold.

....###≈~##.'...
#.......≈~......
#........≈..≈...
#...........≈...
#.....≈≈~(.≈≈...
#.......≈..≈....
#.......≈$≈≈....
#...iT@..≈≈.....
#....iT$.~......#+###..
.i...#'###..###...).....#
.... #. #....# ........#
.. #. #....# ........# #.
#....# ........+ #.
###..# ........#
########'######.....
#....#.............#.....


You could see 2 iron trolls, a spriggan rider and 2 spriggan berserkers.

Vanquished Creatures
  Nikola (Swamp:4)
  A deep elf master archer (Elf:1)
  Gastronok (D:11)
  A fenstrider witch (Swamp:4)
  4 eleionomae
  2 green draconians (Swamp:1)
  A red draconian (Volcano)
  5 bunyips
  A minotaur (Gauntlet)
  4 dire elephants
  2 shambling mangroves
  2 boulder beetles (D:12)
  2 ice dragons
  28 hydras
  Erica (D:8)
  A death knight (D:9)
  A ghost crab (Swamp:3)
  6 ogre magi
  9 two-headed ogres
  2 centaur warriors
  2 catoblepae
  2 dancing weapons (Elf:1)
  A tengu warrior (D:14)
  8 alligators
  2 deep troll earth magi (Depths:1)
  5 death yaks (Lair:5)
  Nergalle (Orc:2)
  A salamander mystic (Volcano)
  A spectral death yak (Lair:5)
  A spectral anaconda (Lair:5)
  2 deep trolls (Depths:1)
  10 goliath frogs
  Lodul (D:12)
  A death drake (Swamp:2)
  5 spriggan druids
  5 skeletal warriors (D:13)
  9 bog bodies
  10 swamp dragons
  2 orc knights (Orc:2)
  A wizard (D:15)
  Pikel (D:7)
  11 ugly things
  4 deep elf zephyrmancers (Elf:1)
  4 deep elf archers (Elf:1)
  4 necromancers
  3 will-o-the-wisps
  A lindwurm (Lair:5)
  An obsidian statue (Lair:5)
  9 deep elf pyromancers
  2 oklob plants (Lair:4)
  7 orc sorcerers
  6 cyclopes
  4 manticores
  6 salamanders (Volcano)
  A dire elephant zombie (Lair:5)
  A moth of wrath (Gauntlet)
  10 elephants
  2 ice statues (IceCv)
  Joseph (D:9)
  A naga mage (D:15)
  A rust devil (Gauntlet)
  3 torpor snails
  6 black mambas
  10 cane toads
  A centaur skeleton (D:15)
  A gargoyle (D:10)
  A dire elephant skeleton (Lair:5)
  Maggie (D:7)
  11 rime drakes
  An unseen horror (D:11)
  2 kobold demonologists
  7 komodo dragons
  A queen bee (Lair:4)
  3 meliai (Lair:4)
  3 trolls
  A meliai (shapeshifter) (D:15)
  7 polar bears
  A bloated husk (Swamp:2)
  8 tyrant leeches
  17 hornets
  13 blink frogs
  4 spectral elephants (Lair:5)
  11 spriggans
  A vampire (D:11)
  2 wraiths
  A water elemental (Depths:1)
  A ynoxinul (Gauntlet)
  A dire elephant simulacrum (Lair:5)
  A spriggan (shapeshifter) (D:13)
  5 wyverns
  24 yaks
  2 basilisks
  2 large abominations (Gauntlet)
  A steam dragon (D:9)
  16 vampire mosquitoes
  2 death yak simulacra (Lair:5)
  5 small abominations (Gauntlet)
  Menkaure (D:5)
  2 redbacks (Gauntlet)
  2 nagas (Lair:3)
  3 spectral cane toads (Lair:5)
  16 swamp worms
  A warg (D:11)
  An acid dragon (D:9)
  13 water moccasins
  Duvessa (D:7)
  6 black bears
  22 orc warriors
  9 swamp drakes
  15 ogres
  2 elephant skeletons (Lair:5)
  16 wolves
  8 centaurs
  A lemure (D:7)
  3 kobold brigands
  13 bullfrogs
  A necrophage (D:7)
  2 gnoll sergeants
  A cane toad simulacrum (Lair:5)
  3 scorpions
  A water moccasin zombie (Ossuary)
  A wyvern zombie (Ossuary)
  A wight (D:9)
  Dowan (D:7)
  3 lindwurm simulacra (IceCv)
  An elephant simulacrum (Lair:5)
  30 killer bees
  2 electric eels
  10 howler monkeys
  10 bullfrog zombies (Ossuary)
  6 centaur zombies
  7 komodo dragon simulacra (IceCv)
  4 hounds
  10 orc priests
  2 gnoll boudas
  2 iguanas
  3 iron imps (Gauntlet)
  36 orc wizards
  A killer bee zombie (Ossuary)
  8 mummies
  3 howler monkey zombies (Ossuary)
  11 gnolls
  6 acid dragon simulacra (IceCv)
  4 adders
  A shadow imp (D:6)
  A white imp (D:7)
  5 steam dragon simulacra (IceCv)
  A worm (D:3)
  4 dart slugs
  59 orcs
  3 bats
  8 endoplasms
  3 giant cockroaches
  18 goblins
  11 hobgoblins
  A jackal (D:2)
  4 quokkas
  6 training dummies
  6 ball pythons
  6 frilled lizards
  19 kobolds
  6 rats
  A withered plant (Lair:5)
870 creatures vanquished.

Vanquished Creatures (collateral kills)
  the Lernaean hydra (Swamp:4)
1 creature vanquished.

Vanquished Creatures (others)
  A deep elf knight (Elf:1)
  A swamp dragon (Swamp:4)
  A bloated husk (Swamp:2)
  A hornet (Swamp:4)
  3 vampire mosquitoes (Swamp:2)
  A swamp worm (Swamp:4)
  2 swamp drakes
  7 briar patches (Swamp:4)
  12 foxfires
  62 fungi
  115 plants
  38 withered plants
244 creatures vanquished.

Grand Total: 1115 creatures vanquished

Notes
Turn   | Place    | Note
-------+----------+-------------------------------------------
     0 | D:1      | Dorkslayer the Hill Orc Fighter began the quest for the
                  | Orb.
     0 | D:1      | Reached XP level 1. HP: 19/19 MP: 1/1
    39 | D:1      | Found a faded altar of an unknown god.
   177 | D:1      | Reached XP level 2. HP: 27/27 MP: 2/2
   406 | D:1      | Reached skill level 4 in Fighting
   740 | D:1      | Reached XP level 3. HP: 25/34 MP: 3/3
  1152 | D:2      | Reached XP level 4. HP: 38/41 MP: 4/4
  1436 | D:3      | Found an ornate altar of the Wu Jian Council.
  1770 | D:3      | Found an opulent altar of Gozag.
  1802 | D:3      | Became a worshipper of Gozag Ym Sagoz the Greedy
  2243 | D:4      | Reached XP level 5. HP: 33/47 MP: 5/5
  2363 | D:4      | Found a white marble altar of Elyvilon.
  2754 | D:4      | Reached skill level 5 in Fighting
  2927 | D:5      | Entered Level 5 of the Dungeon
  2927 | D:5      | Found Roint's Assorted Antiques.
  2941 | D:5      | Bought a pearl ring for 155 gold pieces
  2941 | D:5      | Bought an amethyst potion for 27 gold pieces
  2941 | D:5      | Bought a scroll labelled MAWNUA UCYRR for 31 gold pieces
  3031 | D:5      | Noticed Menkaure
  3039 | D:5      | Killed Menkaure
  3040 | D:5      | Reached skill level 5 in Axes
  3040 | D:5      | Reached skill level 1 in Evocations
  3040 | D:5      | Reached XP level 6. HP: 41/56 MP: 6/6
  3455 | D:5      | Reached XP level 7. HP: 26/61 MP: 7/7
  3754 | D:5      | Reached skill level 5 in Armour
  4410 | D:6      | Found a sand-covered staircase.
  4420 | Ossuary  | Entered an ossuary
  4479 | Ossuary  | Reached XP level 8. HP: 63/70 MP: 8/8
  4490 | Ossuary  | Reached skill level 6 in Fighting
  4745 | Ossuary  | Reached skill level 7 in Fighting
  5257 | D:6      | Reached skill level 5 in Shields
  5257 | D:6      | Reached XP level 9. HP: 78/79 MP: 9/9
  5492 | D:7      | Noticed Duvessa
  5492 | D:7      | Noticed Dowan
  5498 | D:7      | Killed Dowan
  5503 | D:7      | Killed Duvessa
  5577 | D:7      | Reached skill level 1 in Dodging
  5587 | D:7      | Reached skill level 10 in Axes
  5727 | D:7      | Noticed Maggie
  5738 | D:7      | Killed Maggie
  5739 | D:7      | Reached skill level 8 in Fighting
  5747 | D:7      | Noticed Pikel
  5760 | D:7      | Killed Pikel
  5761 | D:7      | Reached skill level 1 in Throwing
  5761 | D:7      | Reached skill level 5 in Evocations
  6107 | D:7      | Reached XP level 10. HP: 78/90 MP: 10/10
  6316 | D:7      | Found a staircase to the Ecumenical Temple.
  6490 | D:8      | Reached skill level 1 in Stealth
  6502 | D:8      | Reached skill level 9 in Fighting
  6526 | D:8      | Found an ancient bone altar of Kikubaaqudgha.
  6550 | D:8      | Noticed Erica
  6570 | D:8      | Killed Erica
  7070 | D:9      | Found Pohydad's Assorted Antiques.
  7071 | D:9      | Noticed Joseph
  7078 | D:9      | Paralysed by a hornet for 2 turns
  7083 | D:9      | Killed Joseph
  7085 | D:9      | Reached skill level 10 in Fighting
  7400 | D:9      | Bought a bubbling purple potion for 21 gold pieces
  7400 | D:9      | Bought a sedimented grey potion for 21 gold pieces
  7400 | D:9      | Bought a long copper wand for 96 gold pieces
  7400 | D:9      | Bought a glowing plate armour for 624 gold pieces
  7400 | D:9      | Bought a potion of haste for 240 gold pieces
  7417 | D:9      | Found a runed translucent door.
  7617 | D:9      | Found Usmuful's Magic Scroll Shop.
  7641 | D:9      | Reached XP level 11. HP: 80/100 MP: 11/11
  7688 | D:9      | Bought a scroll of identify for 24 gold pieces
  7688 | D:9      | Bought a scroll of summoning for 114 gold pieces
  7688 | D:9      | Bought a scroll of identify for 24 gold pieces
  7735 | D:9      | Found Zygophun's Magic Scroll Shoppe.
  7740 | D:9      | Bought a scroll of identify for 26 gold pieces
  7747 | D:9      | Found a runed translucent door.
  7864 | D:9      | Found Beosacor's Magic Scroll Boutique.
  7876 | D:9      | Found a shimmering blue altar of Sif Muna.
  7888 | D:9      | Noticed a two-headed ogre
  7897 | D:9      | Killed a two-headed ogre
  7999 | D:9      | Found Gidwopn's General Store.
  8046 | D:9      | Bought a potion of curing for 45 gold pieces
  8235 | D:9      | Noticed a death knight
  8254 | D:9      | Noticed a two-headed ogre
  8261 | D:9      | Noticed a cyclops
  8267 | D:9      | Killed a death knight
  8273 | D:9      | Killed a cyclops
  8277 | D:9      | Killed a two-headed ogre
  8798 | D:9      | Bought a wand of paralysis (3) for 172 gold pieces
  8801 | D:10     | Entered Level 10 of the Dungeon
  8835 | D:10     | Noticed a two-headed ogre
  8852 | D:10     | Killed a two-headed ogre
  8853 | D:10     | Reached skill level 11 in Fighting
  9038 | D:10     | Reached XP level 12. HP: 45/110 MP: 12/12
  9366 | D:10     | Found a staircase to the Lair.
  9783 | D:11     | Found a staircase to the Orcish Mines.
  9894 | D:11     | Noticed Gastronok
  9909 | D:11     | Killed Gastronok
  9910 | D:11     | Reached skill level 15 in Axes
  9971 | D:11     | Found a frozen archway.
  9972 | D:11     | Noticed an ice dragon
 10001 | D:11     | Killed an ice dragon
 10002 | D:11     | Reached skill level 12 in Fighting
 10019 | IceCv    | Entered an ice cave
 11620 | IceCv    | Noticed an ice dragon
 11685 | IceCv    | Killed an ice dragon
 12268 | IceCv    | Got the Volume of Tainted Bewitchment
 12857 | D:11     | Noticed a two-headed ogre
 12862 | D:11     | Killed a two-headed ogre
 13512 | D:9      | Bought a scroll of teleportation for 45 gold pieces
 13512 | D:9      | Bought a scroll of poison for 60 gold pieces
 13512 | D:9      | Bought a scroll of poison for 60 gold pieces
 13583 | D:9      | Bought a scroll of blinking for 97 gold pieces
 13583 | D:9      | Bought a scroll of torment for 123 gold pieces
 13583 | D:9      | Bought a scroll of teleportation for 39 gold pieces
 13601 | D:9      | Bought a scroll of enchant armour for 90 gold pieces
 13601 | D:9      | Bought a scroll of fear for 48 gold pieces
 13601 | D:9      | Bought a scroll of immolation for 48 gold pieces
 13601 | D:9      | Bought a scroll of immolation for 48 gold pieces
 13744 | D:12     | Found the +6 shillelagh "Devastator" {shatter}
 13954 | D:12     | Noticed a two-headed ogre
 13960 | D:12     | Killed a two-headed ogre
 14025 | D:12     | Noticed a centaur warrior
 14029 | D:12     | Killed a centaur warrior
 14030 | D:12     | Reached XP level 13. HP: 113/119 MP: 13/13
 14073 | D:12     | Noticed Lodul
 14083 | D:12     | Killed Lodul
 14182 | D:12     | Reached skill level 13 in Fighting
 14182 | D:12     | Reached skill level 1 in Maces & Flails
 15560 | Lair:1   | Entered Level 1 of the Lair of Beasts
 16232 | Lair:1   | Identified a scroll of acquirement
 16237 | Lair:1   | Acquired a manual of Evocations
 17045 | Lair:2   | You fall into a shaft and drop 2 floors!
 17045 | Lair:4   | Found a staircase to the Slime Pits.
 17104 | Lair:4   | Found a dark tunnel.
 17113 | Volcano  | Entered a volcano
 17132 | Volcano  | Found a burning altar of Makhleb.
 17139 | Volcano  | Reached skill level 10 in Evocations
 17139 | Volcano  | Noticed a red draconian
 17171 | Volcano  | Killed a red draconian
 17208 | Volcano  | Reached skill level 5 in Maces & Flails
 17228 | Volcano  | Reached skill level 10 in Armour
 17836 | Lair:4   | Reached skill level 14 in Fighting
 17843 | Lair:4   | Reached XP level 14. HP: 86/132 MP: 14/14
 18565 | Lair:3   | Found a gate leading to a gauntlet.
 18578 | Gauntlet | Entered a Gauntlet
 18578 | Gauntlet | Found a transporter.
 18581 | Gauntlet | Found a transporter.
 18585 | Gauntlet | Found a transporter.
 18590 | Gauntlet | Found a transporter.
 18599 | Gauntlet | Found a transporter.
 18600 | Gauntlet | Found a transporter.
 18606 | Gauntlet | Found a transporter.
 18609 | Gauntlet | Found a runed translucent gate.
 18609 | Gauntlet | Found a runed translucent gate.
 18613 | Gauntlet | Found a runed translucent gate.
 18613 | Gauntlet | Found a transporter.
 18617 | Gauntlet | Found a transporter.
 18622 | Gauntlet | Found a transporter.
 18632 | Gauntlet | Found a transporter.
 18633 | Gauntlet | Found a transporter.
 18638 | Gauntlet | Found a transporter.
 18642 | Gauntlet | Noticed a dire elephant
 18644 | Gauntlet | Found a transporter.
 18866 | Gauntlet | Paralysed by a hornet for 2 turns
 18871 | Gauntlet | Paralysed by a hornet for 2 turns
 19300 | Gauntlet | Identified the -2 cloak "Yrimiw" {Dex+6 Stlth-}
 19488 | Gauntlet | Identified the -2 cloak of the Catfish {rElec Regen+ Str+2}
 19707 | Gauntlet | Killed a dire elephant
 20184 | Lair:3   | Found a staircase to the Snake Pit.
 21027 | Lair:2   | Found a staircase to the Swamp.
 21672 | Lair:5   | Entered Level 5 of the Lair of Beasts
 21674 | Lair:5   | Identified the +1 leather armour of the Untouchables {rN+
                  | Dex+2}
 21783 | Lair:5   | Found the +4 skin of Zhor {*Englaciate rC+++ SInv}
 22099 | Lair:5   | Reached skill level 15 in Fighting
 22346 | Lair:5   | Identified the +3 scimitar of Fyasaele {vorpal, rC+ Int+6}
 22419 | Lair:5   | Reached XP level 15. HP: 100/141 MP: 15/15
 22679 | Lair:5   | Reached skill level 10 in Shields
 23743 | Orc:1    | Entered Level 1 of the Orcish Mines
 24197 | Orc:2    | Entered Level 2 of the Orcish Mines
 24254 | Orc:2    | Reached skill level 10 in Maces & Flails
 24381 | Orc:2    | Paralysed by an orc sorcerer for 4 turns
 24722 | Orc:1    | Found a roughly hewn altar of Beogh.
 24884 | Orc:2    | Found a staircase to the Elven Halls.
 25019 | Orc:2    | Found a radiant altar of Vehumet.
 25024 | Orc:2    | Found Wabruc's Distillery.
 25028 | Orc:2    | Paralysed by an ogre mage for 5 turns
 25046 | Orc:2    | Bought a potion of heal wounds for 85 gold pieces
 25046 | Orc:2    | Bought a potion of berserk rage for 85 gold pieces
 25046 | Orc:2    | Bought a potion of heal wounds for 85 gold pieces
 25046 | Orc:2    | Bought a potion of curing for 51 gold pieces
 25046 | Orc:2    | Bought a potion of cancellation for 136 gold pieces
 25046 | Orc:2    | Bought a potion of resistance for 170 gold pieces
 25046 | Orc:2    | Bought a potion of magic for 136 gold pieces
 25244 | Orc:2    | Found an ancient bone altar of Kikubaaqudgha.
 25244 | Orc:2    | Noticed Nergalle
 25252 | Orc:2    | Killed Nergalle
 25277 | Orc:2    | Found Qaranili's Jewellery Shop.
 25374 | Orc:2    | Found a roughly hewn altar of Beogh.
 25374 | Orc:2    | Found Ocvaew's Antique Weapon Shop.
 25414 | Orc:2    | Found Goloduas's Distillery.
 25422 | Orc:2    | Bought a potion of cancellation for 104 gold pieces
 25422 | Orc:2    | Bought a potion of heal wounds for 65 gold pieces
 25422 | Orc:2    | Bought a potion of heal wounds for 65 gold pieces
 25422 | Orc:2    | Bought a potion of heal wounds for 65 gold pieces
 25422 | Orc:2    | Bought 2 potions of curing for 78 gold pieces
 25422 | Orc:2    | Bought a potion of curing for 39 gold pieces
 25422 | Orc:2    | Bought a potion of curing for 39 gold pieces
 25422 | Orc:2    | Bought a potion of berserk rage for 65 gold pieces
 25422 | Orc:2    | Bought a potion of curing for 39 gold pieces
 25422 | Orc:2    | Bought a potion of magic for 104 gold pieces
 25540 | Elf:1    | Entered Level 1 of the Elven Halls
 25554 | Elf:1    | Reached skill level 16 in Fighting
 25594 | Elf:1    | Noticed a deep elf master archer
 25638 | Elf:1    | Killed a deep elf master archer
 26525 | Orc:2    | Bought a potion of heal wounds for 80 gold pieces
 26525 | Orc:2    | Bought 2 potions of curing for 96 gold pieces
 26525 | Orc:2    | Bought a potion of might for 64 gold pieces
 26528 | Orc:2    | Bought a scorched cloak for 332 gold pieces
 26528 | Orc:2    | Identified the +1 cloak of Exclusion {-Tele Rampage rCorr
                  | MP+9} (You bought it in a shop on level 2 of the Orcish
                  | Mines)
 26531 | Orc:2    | Bought the -2 hat of the Alchemist {rElec rPois rF+ rC+ rN+
                  | Will+ rMut rCorr} for 1652 gold pieces
 26531 | Orc:2    | Found the -2 hat of the Alchemist {rElec rPois rF+ rC+ rN+
                  | Will+ rMut rCorr}
 26756 | Swamp:1  | Entered Level 1 of the Swamp
 26763 | Swamp:1  | Reached XP level 16. HP: 152/152 MP: 16/16
 27888 | Swamp:1  | HP: 3/152 [alligator (15)]
 28766 | Swamp:2  | Reached skill level 15 in Evocations
 28772 | Swamp:2  | Reached skill level 17 in Fighting
 30229 | Swamp:3  | Reached skill level 15 in Armour
 30840 | Swamp:4  | Entered Level 4 of the Swamp
 30946 | Swamp:4  | Reached XP level 17. HP: 156/162 MP: 17/17
 31061 | Swamp:4  | Noticed Nikola
 31089 | Swamp:4  | Killed Nikola
 31208 | Swamp:4  | Identified the +0 ring mail of Vexation {rElec SInv}
 31435 | Swamp:4  | Noticed the 27-headed Lernaean hydra
 31446 | Swamp:4  | Killed the 27-headed Lernaean hydra
 31485 | Swamp:4  | Paralysed by a fenstrider witch for 3 turns
 32205 | Swamp:4  | Reached skill level 18 in Fighting
 32498 | Swamp:4  | Got a decaying rune of Zot
 34379 | D:14     | Found a gate to the Vaults.
 34875 | D:15     | Entered Level 15 of the Dungeon
 34875 | D:15     | Found Qemas's Firing Range.
 34938 | D:15     | Bought a throwing net for 51 gold pieces
 34938 | D:15     | Bought 4 silver javelins for 163 gold pieces
 35272 | D:15     | Found a staircase to the Depths.
 35374 | D:15     | Reached skill level 5 in Dodging
 35604 | Depths:1 | Entered Level 1 of the Depths
 35617 | Depths:1 | Found a gateway to Hell.
 35889 | Depths:1 | Reached XP level 18. HP: 91/173 MP: 18/18
 35897 | Depths:1 | Slain by an iron troll

Illustrated notes

Levels and vault maps discovered:
D:1:      scummos_arrival_simple_crosswalls, layout_basic,
          ebering_ecumenical_altar_rust
D:2:      minmay_wonky_spiral, layout_rooms
D:3:      layout_rooms, mainiacjoe_overflow_brackets,
          nicolae_gozag_seed_capital, minmay_goblin_outpost
D:4:      layout_cave_pods, marbit_many_paths
D:5:      layout_basic, serial_shops, nicolae_stop_n_shop_1, uniq_menkaure
D:6:      layout_loops_cross, gup_ossuary_entry_pyramid
D:7:      layout_cave_pods, minmay_temple_entry_glassed_door,
          serial_column_ruins, column_ruins_corridor_corner,
          column_ruins_open_large, column_ruins_grid_3, column_ruins_columns_T,
          column_ruins_open_tiny, column_ruins_open_small,
          column_ruins_open_tiny, uniq_maggie, uniq_pikel, uniq_duvessa
D:8:      layout_cave_pools, kiku_gazebo_pond_becter, uniq_erica
D:9:      cheibrodos_histonic, layout_gridville, lemuel_blue_sif_altar,
          serial_shops, nicolae_shop_trees, shop, nicolae_shop_advertising_works
          [nicolae_subvault_shop_adworks], nicolae_stop_n_shop_2,
          nicolae_shop_hallway_stairs, uniq_joseph
D:10:     layout_cave_pools, due_lair_maze_entry_diamond
D:11:     layout_loops_corners, david_orc_3,
          portal_ice_cave_entry_animals_and_master, uniq_gastronok
D:12:     layout_stronghold, uniq_lodul
D:13:     layout_stronghold, kennysheep_dice
D:14:     layout_loops_ring, david_vaults_2, nrook_campfire
D:15:     grunt_enter_depths_magical_seal, layout_rooms, serial_bayou_lagoon_a,
          nicolae_shop_firing_range
Lair:1:   layout_gridlike
Lair:2:   layout_misc_corridors, nicolae_swamp_entry_splash_gauntlet
Lair:3:   layout_small_grid, guppyfry_snake_entry_island, gauntlet_entry_generic
Lair:4:   layout_gridlike, minmay_slime_entry_oklob_open, special_room
          [special_room_bee], lightli_volcano_entry_magma_tube
Lair:5:   due_jungle_book, layout_concentric_octagons,
          hellmonk_guarded_unrand_zhor
Swamp:1:  layout_falls_marsh, evilmike_swamp_ruin_house_4, swamp_pool4,
          hangedman_swamp_dais
Swamp:2:  layout_falls_marsh, nicolae_swamp_tree_isthmus
Swamp:3:  nicolae_swamp_decorative_isthmus, layout_falls_marsh,
          nicolae_swamp_triple_paths
Swamp:4:  swamp_old_school, layout_basic_swamp, uniq_nikola
Orc:1:    layout_diamond_mine, basic_altar
Orc:2:    kennysheep_orc_mage_school, layout_diamond_mine
Elf:1:    eino_elf_arrival_customs, layout_rooms,
          hangedman_elven_crosses_minicolossus, nicolae_elf_archery_training
Depths:1: layout_gridville, abyss_entry, kennysheep_small_spiral,
          pf_hell_entry_tar_spiral, rand_demon_pan_entry_8, drop_trap,
          minivault_22, chequers_serial_rivers_small_b, lemuel_old_faithful

Skill      XL: |  1  2  3  4  5  6  7  8  9 10 11 12 13 14 15 16 17 |
---------------+----------------------------------------------------+-----
Fighting       | 4 5 7 8 10 11 12 14 15 16 17 18 | 18.5
Axes           | 3 4 5 6 9 11 12 14 16 | 16.1
Armour         | 4 5 6 8 9 10 12 13 15 16 | 16.3
Evocations     | 1 2 3 4 5 6 7 8 10 12 14 15 16 | 16.5
Shields        | 4 5 6 7 8 9 10 11 12 | 12.3
Dodging        | 1 3 5 |  5.1
Throwing       | 1 2 |  2.1
Stealth        | 1 2 3 4 |  4.7
Maces & Flails | 6 8 11 12 13 | 13.6

Action                   |  1- 3 |  4- 6 |  7- 9 | 10-12 | 13-15 | 16-18 || total
-------------------------+-------+-------+-------+-------+-------+-------++-------
Melee: War axe           |    92 |   158 |   265 |   495 |       |       ||  1010
       Shillelagh        |       |       |       |     7 |   829 |   626 ||  1462
Throw: Dart              |     3 |     3 |     6 |     7 |       |       ||    19
       Throwing net      |       |       |       |     3 |       |       ||     3
       Boomerang         |       |       |       |     2 |     1 |     1 ||     4
Invok: Call Merchant     |       |       |       |       |     2 |       ||     2
Evoke: Wand              |       |       |     6 |    20 |     8 |     1 ||    35
       Tin of tremorston |       |       |       |       |     1 |     1 ||     2
  Use: Scroll            |       |    11 |     5 |    15 |    11 |     6 ||    48
       Potion            |       |     3 |       |    15 |    16 |     8 ||    42
 Stab: Distracted        |       |       |       |     3 |     8 |     7 ||    18
       Held in net/web   |       |       |       |     1 |       |       ||     1
       Paralysed         |       |       |       |     7 |       |       ||     7
       Invisible         |       |       |       |     5 |     7 |       ||    12
Armor: Scale mail        |    39 |    37 |       |       |       |       ||    76
       Chain mail        |       |     8 |       |       |       |       ||     8
       Plate armour      |       |    20 |   144 |   169 |   333 |   344 ||  1010
Dodge: Dodged            |    52 |    63 |    66 |    94 |   167 |   181 ||   623
Block: Buckler           |    20 |   104 |   128 |   196 |   333 |   309 ||  1090
       Reflection        |       |     4 |     3 |     7 |    13 |    12 ||    39

Table legend: (Time is in decaauts)
 A = Elapsed time spent in this place.
 B = Non-inter-level travel time spent in this place.
 C = Inter-level travel time spent in this place.
 D = Time resting spent in this place.
 E = Time spent auto-exploring this place.
 F = Levels seen in this place.
 G = Mean time per level.
                   A        B        C        D        E       F      G
               +--------+--------+--------+--------+--------+-----+--------+
         Total |  35614 |  35025 |    589 |   7938 |  11600 |  32 | 1112.9 |
       Dungeon |  15798 |  15433 |    365 |   1505 |   7227 |  15 | 1053.2 |
          Lair |   6147 |   5966 |    181 |    382 |   2481 |   5 | 1229.4 |
         Swamp |   5941 |   5941 |      0 |   2809 |    892 |   4 | 1485.2 |
  Orcish Mines |   2302 |   2261 |     41 |    783 |     58 |   2 | 1151.0 |
   Elven Halls |    546 |    546 |      0 |      3 |    236 |   1 |  546.0 |
        Depths |    286 |    286 |      0 |      0 |    124 |   1 |  286.0 |
       Ossuary |    616 |    616 |      0 |      0 |    193 |   1 |  616.0 |
      Ice Cave |   2255 |   2255 |      0 |   1760 |     45 |   1 | 2255.0 |
       Volcano |    152 |    152 |      0 |      0 |      0 |   1 |  152.0 |
      Gauntlet |   1567 |   1567 |      0 |    696 |    344 |   1 | 1567.0 |
               +--------+--------+--------+--------+--------+-----+--------+

Top non-repeatable levels by time:
   IceCv: 2255 daAuts
 Swamp:1: 1967 daAuts
    D:12: 1871 daAuts
 Swamp:4: 1852 daAuts
     D:9: 1844 daAuts
   Orc:2: 1749 daAuts
  Lair:5: 1696 daAuts
Gauntlet: 1567 daAuts
    D:11: 1518 daAuts
  Lair:4: 1497 daAuts
    D:10: 1376 daAuts
 Swamp:3: 1261 daAuts
     D:5: 1249 daAuts
     D:4: 1147 daAuts
  Lair:1: 1086 daAuts
